 Dungeon Crawl Stone Soup version 0.27-a0-1137-g3ef0f4ec91 (webtiles) character file.

Game seed: 8579491928921385901

232 1player the Ruffian (level 6, -6/52 HPs)
             Began as a Ghoul Monk on May 6, 2021.
             Mangled by Edmund
             ... wielding a +3 dire flail of protection
              (8 damage)
             ... on level 4 of the Dungeon.
             The game lasted 00:06:30 (3439 turns).

1player the Ruffian (Ghoul Monk)                    Turns: 3439, Time: 00:06:30

Health: -6/52      AC: 11    Str: 17    XL:     6   Next: 4%
Magic:  5/5        EV:  4    Int:  5    God:
Gold:   193        SH: 10    Dex: 11    Spells: 5/5 levels left

rFire    . . .     SeeInvis .     - Unarmed
rCold    + + .     Faith    .   n - +2 kite shield
rNeg     + + +     Spirit   .   m - +4 scale mail {rC+}
rPois    ∞         Reflect  .   k - +0 helmet
rElec    .         Harm     .   (no cloak)
rCorr    .         Rampage  .   (no gloves)
Will     .....                  (no boots)
Stlth    ..........             (no amulet)
HPRegen  0.00/turn              (no ring)
MPRegen  0.09/turn              (no ring)

@: constricted
A: claws 1, cold resistance 1, negative energy resistance 3, inhibited
regeneration, torment resistance 2, unbreathing 1
a: no special abilities


You were on level 4 of the Dungeon.
You visited 1 branch of the dungeon, and saw 4 of its levels.

You collected 193 gold pieces.

Inventory:

Missiles
 e - 13 poisoned darts (quivered)
 h - 4 boomerangs
Armour
 k - a +0 helmet (worn)
 m - a +4 scale mail of cold resistance (worn)
 n - a +2 kite shield (worn)
Magical Staves
 j - a staff of air
Jewellery
 p - a ring of ice
Wands
 l - a wand of flame (27)
 q - a wand of mindburst (20)
 r - a wand of polymorph (8)
Scrolls
 b - a scroll of identify {unknown}
 g - a scroll of teleportation {unknown}
 i - a scroll of immolation {unknown}
 o - a scroll of torment {unknown}
 s - a scroll of magic mapping {unknown}
Potions
 c - a potion of invisibility {unknown}
 d - a potion of curing {@q1}
 f - a potion of heal wounds {unknown}


   Skills:
 - Level 4.2 Fighting
 - Level 2.6 Dodging
 - Level 2.1 Stealth
 * Level 2.7 Shields
 + Level 5.5 Unarmed Combat


You had 5 spell levels left.
You didn't know any spells.
Your spell library was empty.

Dungeon Overview and Level Annotations

Branches:
Dungeon (4/15)
 Temple: D:4-7

Altars:
Makhleb

Shops:
D:3 (   D:4 *

Annotations:
D:4 Edmund, Natasha


Innate Abilities, Weirdness & Mutations

You thrive by killing the living.
You are immune to poison.
You have sharp fingernails.
Your flesh is cold resistant. (rC+)
You are immune to negative energy. (rN+++)
You do not regenerate when monsters are visible.
You are immune to unholy pain and torment.
You can survive without breathing.


Message History

Edmund gestures with his flail.
Edmund barely misses you.
You claw the orc!
You kill the orc!
The shadow imp disappears in a puff of smoke!
Natasha mumbles some strange words.
You block Edmund's attack.
You claw the ball python!
You kill the ball python!
You feel better.
Edmund hits you with a +3 dire flail of protection.
The ball python barely misses you. The ball python grabs you.
The ball python constricts you.
You scratch Edmund but do no damage. You block the ball python's attack.
The ball python constricts you. You block Edmund's attack.
You scratch Edmund.
Edmund is lightly wounded.
You block the ball python's attack. The ball python constricts you.
Edmund hits you but does no damage.
You closely miss Edmund.
Edmund is lightly wounded.
You block the ball python's attack. The ball python constricts you.
Edmund hits you with a +3 dire flail of protection!
* * * LOW HITPOINT WARNING * * *
You block the ball python's attack. The ball python constricts you.
You barely miss Edmund.
Edmund is lightly wounded.
You block Edmund's attack. You block the ball python's attack.
The ball python constricts you.
Edmund hits you with a +3 dire flail of protection!
* * * LOW HITPOINT WARNING * * *
You scratch Edmund but do no damage.
Edmund is lightly wounded.
You block the ball python's attack. The ball python constricts you.
The white imp disappears for a moment.
The ball python bites you but does no damage.
The ball python constricts you.
Edmund hits you with a +3 dire flail of protection!
You die...

#.#. .#########
#.## ..#......#
#.# .........#
#.# #..$....)#
#.# ...oo.. #.#
.oh5 #.# #S###
#@# #@@.#### #.#
###....## #.#
####..#######.##
##...........
######..(...
##....≈ ###.≈≈
#.≈≈ #.≈≈


You could see Edmund, Natasha, a shadow imp (summoned), 3 orcs and a ball
python.

Vanquished Creatures
  A scorpion (D:4)
  A bullfrog skeleton (D:4)
  Ijyb (D:3)
  A hound skeleton (D:4)
  5 adders
  A worm (D:4)
  6 orcs
  6 ball pythons
  4 bats
  3 endoplasms
  2 giant cockroaches
  5 goblins
  5 hobgoblins
  4 jackals
  5 quokkas
  3 frilled lizards
  A jackal skeleton (D:4)
  3 kobolds
  3 rats
60 creatures vanquished.

Notes
Turn   | Place    | Note
-------+----------+-------------------------------------------
     0 | D:1      | 1player the Ghoul Monk began the quest for the Orb.
     0 | D:1      | Reached XP level 1. HP: 19/19 MP: 0/0
   123 | D:1      | You fall into a shaft and drop 1 floor!
   129 | D:2      | Reached XP level 2. HP: 24/26 MP: 1/1
   351 | D:2      | Reached skill level 4 in Unarmed Combat
   489 | D:2      | Reached XP level 3. HP: 19/33 MP: 2/2
   628 | D:1      | Found a faded altar of an unknown god.
  2077 | D:3      | Reached XP level 4. HP: 21/40 MP: 3/3
  2456 | D:3      | Noticed Ijyb
  2468 | D:3      | HP: 2/40 [Ijyb/puff of flame (9)]
  2469 | D:3      | Killed Ijyb
  2470 | D:3      | Reached skill level 5 in Unarmed Combat
  2805 | D:3      | Found Orchucwan's Weapon Emporium.
  2963 | D:3      | Found a burning altar of Makhleb.
  3125 | D:4      | Reached skill level 1 in Shields
  3125 | D:4      | Reached XP level 5. HP: 34/46 MP: 4/4
  3358 | D:4      | Noticed Edmund
  3402 | D:4      | Found Ysueckoq's General Store.
  3416 | D:4      | Noticed Natasha
  3429 | D:4      | Reached XP level 6. HP: 29/52 MP: 5/5
  3438 | D:4      | HP: 2/52 [Edmund/+3 dire flail of protection (11)]
  3439 | D:4      | Mangled by Edmund

Illustrated notes

Levels and vault maps discovered:
D:1:      dpeg_arrival_long_road, layout_loops_ring,
          shapermc_ecumenical_altar_starsandcircs
D:2:      wander_river, layout_basic, minmay_misc_feat_columns,
          minmay_misc_feat_encased
D:3:      minmay_inner_zag, layout_loops_cross, lemuel_doored_altar,
          serial_shops, nicolae_shop_crystal, uniq_ijyb
D:4:      minmay_spotlight, layout_rooms, kennysheep_mini_moat, serial_shops,
          nicolae_shop_waterfront, uniq_natasha, uniq_edmund

Skill      XL: |  1  2  3  4  5 |
---------------+----------------+-----
Unarmed Combat | 4 5 |  5.5
Fighting       | 4 |  4.2
Shields        | 1 2 |  2.7
Dodging        | |  2.6
Stealth        | |  2.1

Action                   |  1- 3 |  4- 6 || total
-------------------------+-------+-------++-------
Melee: Unarmed           |   118 |   117 ||   235
       Punch             |     4 |     1 ||     5
Throw: Dart              |       |     6 ||     6
  Use: Potion            |       |     1 ||     1
 Stab: Sleeping          |     4 |       ||     4
Armor: Robe              |    15 |     2 ||    17
       Scale mail        |       |    44 ||    44
Dodge: Dodged            |    63 |    44 ||   107
Block: Kite shield       |       |    54 ||    54

Table legend: (Time is in decaauts)
 A = Elapsed time spent in this place.
 B = Non-inter-level travel time spent in this place.
 C = Inter-level travel time spent in this place.
 D = Time resting spent in this place.
 E = Time spent auto-exploring this place.
 F = Levels seen in this place.
 G = Mean time per level.
                   A        B        C        D        E       F      G
               +--------+--------+--------+--------+--------+-----+--------+
         Total |   3459 |   3389 |     70 |    922 |   1866 |   4 |  864.8 |
       Dungeon |   3459 |   3389 |     70 |    922 |   1866 |   4 |  864.8 |
               +--------+--------+--------+--------+--------+-----+--------+

Top non-repeatable levels by time:
     D:3: 1331 daAuts
     D:2: 1173 daAuts
     D:1: 556 daAuts
     D:4: 397 daAuts
